 Dungeon Crawl Stone Soup version 0.31-a0-151-ge443d1f16c (webtiles) character file.

Game seed: 9886366740146803527

138 qw the Shooter (level 5, -1/32 HPs)
             Began as a Gargoyle Hunter on June 8, 2023.
             Killed from afar by an orc wizard (8 damage)
             ... with a puff of flame
             ... on level 3 of the Dungeon.
             The game lasted 00:00:54 (2243 turns).

qw the Shooter (Gargoyle Hunter)                    Turns: 2243, Time: 00:00:55

Health: -1/32      AC:  7    Str: 14 (15) XL:     5   Next: 21%
Magic:  5/5        EV: 11    Int:  8 (9)  God:
Gold:   143        SH:  0    Dex: 14 (15) Spells: 4/4 levels left

rFire   . . .        Y - +0 shortbow
rCold   . . .        (shield currently unavailable)
rNeg    + + .        c - +0 leather armour
rPois   inf          (no helmet)
rElec   +            (no cloak)
rCorr   .            (no gloves)
SInv    .            (no boots)
Will    .....        (no amulet)
Stlth   +            b - ring of positive energy
HPRegen 0.25/turn    (no ring)
MPRegen 0.09/turn

%: no passive effects
@: no status effects
A: sickness immunity, AC +4, negative energy resistance 1, electricity
resistance, torment resistance 1, petrification resistance
a: no special abilities


You were on level 3 of the Dungeon.
You visited 1 branch of the dungeon, and saw 3 of its levels.

You collected 143 gold pieces.


Innate Abilities, Weirdness & Mutations

You are immune to sickness and miasma.
Your stone body is resilient. (AC +4)
You are immune to poison.
You resist negative energy. (rN+)
You are resistant to electric shocks. (rElec)
You are resistant to unholy torment.
You are immune to petrification.


   Skills:
 + Level 3.1 Fighting
 - Level 6.0 Ranged Weapons
 - Level 1.5 Dodging
 - Level 1.1 Stealth


You had 4 spell levels left.
You didn't know any spells.
Your spell library was empty.

Inventory:

Hand Weapons
 Y - a +0 shortbow (weapon)
Armour
 c - a +0 leather armour (worn)
 f - a +1 helmet
Jewellery
 b - a ring of positive energy (left hand)
Scrolls
 a - 2 scrolls of identify
Potions
 d - 2 potions of berserk rage {unknown}
 e - a potion of curing {unknown}
 g - a potion of might
 h - a potion of heal wounds {unknown}

Dungeon Overview and Level Annotations

Branches:
Dungeon (3/15)

Altars:
Hepliaklqana
Kikubaaqudgha


Message History

Something hits you.
You shoot an arrow. Something hits you but does no damage.
You shoot an arrow.
You feel less confused. Something hits you.
You shoot an arrow. Something hits you but does no damage.
You shoot an arrow. Something hits you but does no damage.
You shoot an arrow. Something hits you but does no damage.
You hear some strange, mumbled words.
Something tries to affect you, but you resist.
You shoot an arrow. Something hits you but does no damage.
You shoot an arrow.
You hear some strange, mumbled words.
Something tries to affect you, but you resist.
You shoot an arrow. Something hits you but does no damage.
You shoot an arrow. Something hits you but does no damage.
You shoot an arrow. Something hits you but does no damage.
You shoot an arrow.
You hear some strange, mumbled words.
A magic dart appears from out of thin air!
The magic dart hits you.
You shoot an arrow. Something hits you.
You hear some strange, mumbled words.
A magic dart appears from out of thin air!
The magic dart hits you but does no damage.
You shoot an arrow.
An orc wizard appears from thin air!
Reactivating autopickup.
The orc wizard casts a spell at you. The puff of flame hits you!
You die...

#. .....#......
###.......#......
####...##..#.#..)...
##
#....#.<............
. ..........##......
# ) .........##....#
.........# ..
#.%...##o)..#
.........#
..#######.%...##@)..#
.........#
.......##..###......#
.........#
.......##...........#
........##
.####..##..###......#
........##
....#..##...........#
........#.
.._.#..##...#####...#
#... ....#.......#
..... #.##
............# #.#.##
###.# ......#.....#
.#<# #...#


You could see an orc wizard.

Vanquished Creatures
  Ijyb (D:3)
  3 gnolls
  An adder (D:3)
  2 worms
  2 dart slugs (D:2)
  6 orcs (D:3)
  3 endoplasms
  A giant cockroach (D:2)
  4 goblins
  4 hobgoblins
  8 jackals
  2 quokkas
  4 ball pythons
  5 bats
  A frilled lizard (D:3)
  8 kobolds
  3 rats
58 creatures vanquished.

Notes
Turn   | Place    | Note
-------+----------+-------------------------------------------
     0 | D:1      | qw the Gargoyle Hunter began the quest for the Orb.
     0 | D:1      | Reached XP level 1. HP: 12/12 MP: 1/1
     0 | D:1      | 0 ||| qw: Version: 0.2-a-120-gdf1a93b
     0 | D:1      | 0 ||| qw: Game counter: 3044
     0 | D:1      | 0 ||| qw: Always use a shield: true
     0 | D:1      | 0 ||| qw: God list: Okawaru
     0 | D:1      | 0 ||| qw: Allow faded altars: false
     0 | D:1      | 0 ||| qw: Do Orc after D:15 true
     0 | D:1      | 0 ||| qw: Do second Lair branch before Depths: true
     0 | D:1      | 0 ||| qw: Lair rune preference: random
     0 | D:1      | 0 ||| qw: Plans: Normal
     0 | D:1      | 0 ||| PLANNING D:1-11
   212 | D:1      | Reached XP level 2. HP: 15/17 MP: 2/2
   672 | D:1      | Reached XP level 3. HP: 21/21 MP: 3/3
   757 | D:1      | 757 ||| READING 2 scrolls labelled CYNIAPNAEHE.
   758 | D:1      | 758 ||| DRINKING 2 ruby potions.
   759 | D:1      | 759 ||| DROPPING scroll of butterflies.
   794 | D:2      | 794 ||| STAIRDANCE
   799 | D:1      | Reached skill level 5 in Ranged Weapons
   828 | D:2      | 828 ||| STAIRDANCE
   907 | D:2      | Reached skill level 3 in Fighting
   907 | D:2      | Reached XP level 4. HP: 28/28 MP: 4/4
  1575 | D:2      | 1575 ||| UPGRADING to ring of positive energy.
  1576 | D:2      | 1576 ||| READING scroll labelled DAEWYQEADD.
  1580 | D:2      | 1580 ||| DRINKING 2 yellow potions.
  1581 | D:2      | 1581 ||| DRINKING 2 viscous silvery potions.
  1613 | D:2      | 1613 ||| DRINKING 3 cyan potions.
  1614 | D:2      | 1614 ||| DROPPING potion of enlightenment.
  1615 | D:2      | 1615 ||| DROPPING potion of lignification.
  1616 | D:2      | 1616 ||| DROPPING 2 potions of degeneration.
  1652 | D:3      | 1652 ||| STAIRDANCE
  1693 | D:3      | Noticed Ijyb
  1693 | D:3      | Paralysed by Ijyb for 5 turns
  1701 | D:3      | Paralysed by Ijyb for 3 turns
  1709 | D:3      | Paralysed by Ijyb for 5 turns
  1716 | D:3      | HP: 7/28 [Ijyb/+0 dagger (2)]
  1717 | D:3      | 1717 ||| READING scroll of teleportation.
  1871 | D:3      | Found an ancient bone altar of Kikubaaqudgha.
  1900 | D:3      | Found a faded altar of an unknown god.
  1909 | D:3      | Paralysed by Ijyb for 3 turns
  1918 | D:3      | Paralysed by Ijyb for 3 turns
  1929 | D:3      | Killed Ijyb
  2015 | D:3      | Reached XP level 5. HP: 32/32 MP: 5/5
  2157 | D:3      | Found a hazy altar of Hepliaklqana.
  2212 | D:3      | Reached skill level 6 in Ranged Weapons
  2242 | D:3      | HP: 7/32 [something (3)]
  2243 | D:3      | Killed from afar by an orc wizard

Levels and vault maps discovered:
D:1:      sevenhm_arrival_forest_fort_large_2, layout_basic
D:2:      layout_loops_ring, grunt_ministairs_5
D:3:      minmay_general_purpose_star, layout_basic,
          mainiacjoe_overflow_chevrons, nicolae_overflow_hidden_temple,
          hellmonk_ecumenical_altar_heavens_door, serial_bayou_ford_a, uniq_ijyb

Skill      XL: |  1  2  3  4  5 |
---------------+----------------+-----
Ranged Weapons | 5 6 |  6.0
Fighting       | 3 |  3.1
Dodging        | |  1.5
Stealth        | |  1.1

Action                     |  1- 3 |  4- 6 || total
---------------------------+-------+-------++-------
   Fire: Shortbow          |    82 |   161 ||   243
    Use: Potion            |     1 |     3 ||     4
         Scroll            |     1 |     2 ||     3
 Armour: Leather armour    |    11 |    70 ||    81
  Dodge: Dodged            |    30 |    43 ||    73

Table legend:
 A = Non-vault XP
 B = Vault XP
 C = Vault XP percentage of total XP
 D = Non-vault monster count
 E = Vault monster count
 F = Vault count percentage of total count
                 A         B        C        D         E       F
            +---------+---------+-------+---------+---------+-------
      Total |     145 |      53 |  26.8 |      50 |       8 |  13.8
            +---------+---------+-------+---------+---------+-------
        D:1 |      62 |       0 |   0.0 |      25 |       0 |   0.0
        D:2 |      45 |       6 |  11.8 |      15 |       2 |  11.8
        D:3 |      38 |      47 |  55.3 |      10 |       6 |  37.5
            +---------+---------+-------+---------+---------+-------
